 Dungeon Sprint DCSS version 0.17-a0-1533-g2f57bce (webtiles) character file.

76 ztt the Covert (level 4, -9/21 HPs)
             Began as a Spriggan Enchanter on July 16, 2015.
             Mangled by a water elemental (13 damage)
             ... in the Dungeon (Sprint III: "The Ten Rune Challenge").
             The game lasted 00:01:46 (269 turns).

ztt the Covert (Spriggan Enchanter)                  Turns: 269, Time: 00:01:46

Health: -9/21      AC:  3    Str:  4    XL:     4   Next: 12%
Magic:  4/10       EV: 20    Int: 17    God:
Gold:   23         SH:  0    Dex: 16    Spells: 4 memorised, 1 level left

rFire  . . .     SeeInvis +     a - +1 dagger
rCold  . . .     Clarity  .     b - +1 robe
rNeg   . . .     SustAt   .     (shield restricted)
rPois  .         Gourm    .     (helmet restricted)
rElec  .         Spirit   .     (no cloak)
rCorr  .         Warding  .     (gloves unavailable)
rMut   .         NoTele   +     (boots unavailable)
MR     .....                    (no amulet)
Stlth  +++++.....               (no ring)
                                (no ring)

@: engulfed (cannot breathe), very quick, not resistant to hostile enchantments,
quite stealthy
A: unfitting armour, see invisible, breathe flames 1, herbivore 3, speed 3, slow
metabolism 2
a: Breathe Fire


You were in the Dungeon.
You were not hungry.

You visited 1 branch You collected 23 gold pieces.

Inventory:

Hand weapons
 a - a +1 dagger (weapon)
Armour
 b - a +1 robe (worn)
Scrolls
 j - a scroll of blinking
 m - a scroll of torment {unknown}
 n - 3 scrolls of identify
 o - 2 scrolls of remove curse {unknown}
 r - a scroll of holy word {unknown}
Potions
 e - a potion of curing
 f - a potion of heal wounds
 g - a potion of haste
 h - 2 potions of magic
 i - a potion of berserk rage
 k - a potion of flight
 l - a potion of mutation
 q - a potion of brilliance {unknown}
Books
 c - a book of Maledictions

   Spells                             Type                      Level
   a - Corona                         Hexes                        1
   b - Ensorcelled Hibernation        Hexes/Ice                    2
   c - Confuse                        Hexes                        3
   d - Tukima's Dance                 Hexes                        3
   e - Dazzling Spray                 Conjuration/Hexes            3
Comestibles
 d - a bread ration
 p - a royal jelly


   Skills:
 + Level 1.1 Short Blades
 + Level 4.8 Dodging
 * Level 9.6 Stealth
 + Level 3.9 Spellcasting
 + Level 6.5 Hexes
 + Level 0.4 Ice Magic


You had one spell level left.
You knew the following spells:

 Your Spells              Type           Power        Failure   Level  Hunger
a - Corona                Hex            ####...      1%          1    None
b - Ensorcelled Hibernat  Hex/Ice        ###...       10%         2    ##.....
c - Confuse               Hex            ####....     3%          3    ###....
d - Tukima's Dance        Hex            ####....     3%          3    ###....


Dungeon Overview and Level Annotations

Branches:
Dungeon (1/1)

Altars:


Innate Abilities, Weirdness & Mutations

You are tiny and cannot use many weapons and most armour.
You have supernaturally acute eyesight.
You are a herbivore.
You cover ground extremely quickly.
You need consume almost no food.
You can breathe flames.


Message History

The water elemental is heavily damaged.
The water elemental barely misses you.
You hit the water elemental but do no damage.
The water elemental is heavily damaged.
The water elemental misses you.
You hit the water elemental but do no damage.
The water elemental is heavily damaged.
The water elemental hits you!
The water elemental engulfs you in water!
You hit the water elemental but do no damage.
The water elemental is heavily damaged.
Your lungs strain for air!
The water elemental misses you.
You barely miss the water elemental.
The water elemental is heavily damaged.
* * * LOW HITPOINT WARNING * * *
Your lungs strain for air!
The water elemental hits you!
Ouch! That really hurt!
You die...

▓▓▓▓▓▓▓▓▓ ▓▓▓
▓<..#(..#### ##.#
▓...#......#####..#
▓..##..@E...#.%#..#
▓##.##.##..[#..#..###+#+
##.##.###..##'#..#.....
▓#.####.##..###...'.⌠...
▓.###..##..####...#...##
▓#.....##..###.E..#.⌠.#
###..##...##.....#...#
##..##....#..†...#+###
#..###..##E#.....#


You could see a water elemental.

Vanquished Creatures
  Jessica (D)
  A wolf (D)
  A human (D)
  2 oozes (D)
5 creatures vanquished.

Vanquished Creatures (others)
  A draconian scorcher (D)
  A yaktaur (D)
  4 plants (D)
6 creatures vanquished.

Grand Total: 11 creatures vanquished

Notes
Turn   | Place    | Note
--------------------------------------------------------------
     0 | D        | ztt the Spriggan Enchanter began the quest for the Orb.
     0 | D        | Reached XP level 1. HP: 9/9 MP: 5/5
     9 | D        | Reached skill level 5 in Stealth
    11 | D        | Reached skill level 6 in Stealth
    11 | D        | Reached XP level 2. HP: 13/13 MP: 6/6
    15 | D        | Learned a level 2 spell: Ensorcelled Hibernation
    27 | D        | Noticed Jessica
    31 | D        | Killed Jessica
    31 | D        | Reached skill level 8 in Stealth
    31 | D        | Reached skill level 5 in Hexes
    31 | D        | Reached XP level 3. HP: 16/16 MP: 6/8
    40 | D        | Noticed a wolf
   116 | D        | Killed a wolf
   116 | D        | Reached skill level 9 in Stealth
   116 | D        | Reached XP level 4. HP: 21/21 MP: 5/10
   148 | D        | Killed a yaktaur
   160 | D        | Gained mutation: You can breathe flames. [potion of mutation]
   160 | D        | Gained mutation: You are frail (-10% HP). [potion of mutation]
   160 | D        | Gained mutation: Your magical capacity is low (-10% MP). [potion of mutation]
   161 | D        | Lost mutation: You are frail (-10% HP). [potion of cure mutation]
   161 | D        | Lost mutation: Your magical capacity is low (-10% MP). [potion of cure mutation]
   161 | D        | Lost mutation: You can breathe flames. [potion of cure mutation]
   162 | D        | Gained mutation: You are frail (-10% HP). [potion of mutation]
   162 | D        | Gained mutation: You can breathe flames. [potion of mutation]
   162 | D        | Gained mutation: Your spells are a little harder to cast, but a little more powerful. [potion of mutation]
   163 | D        | Lost mutation: You are frail (-10% HP). [potion of cure mutation]
   163 | D        | Lost mutation: Your spells are a little harder to cast, but a little more powerful. [potion of cure mutation]
   208 | D        | Noticed a water elemental
   209 | D        | Killed a white draconian scorcher
   245 | D        | Learned a level 3 spell: Confuse
   249 | D        | Learned a level 3 spell: Tukima's Dance
   269 | D        | Mangled by a water elemental

Vault maps used:
D:        dungeon_sprint_mu

Action                   |  1- 3 |  4- 6 || total
-------------------------+-------+-------++-------
Melee: Dagger            |    10 |     7 ||    17
 Cast: Ensorcelled Hiber |     4 |       ||     4
       Confuse           |       |     2 ||     2
  Use: Potion            |       |     5 ||     5
 Stab: Sleeping          |     5 |       ||     5
       Distracted        |       |     1 ||     1
